 Dungeon Crawl Stone Soup version 0.27-a0-3-gcf006a40f5 (webtiles) character file.

Game seed: 15124528946262639016

2264 sokol815 the Destroyer (level 9, -5/51 HPs)
             Began as an Octopode Conjurer on Jan 1, 2021.
             Slain by a hornet (17 damage)
             ... while paralysed by a hornet
             ... on level 7 of the Dungeon.
             The game lasted 00:18:30 (6034 turns).

sokol815 the Destroyer (Octopode Conjurer)          Turns: 6034, Time: 00:18:30

Health: -5/51      AC:  1    Str:  6    XL:     9   Next: 38%
Magic:  7/12       EV:  2    Int: 22    God:
Gold:   389        SH:  0    Dex: 12    Spells: 6/12 levels left

rFire    + + .     SeeInvis .   a - +2 long sword of the Hidden Vale {vorpal, rF++}
rCold    . . .     Faith    .   (no shield)
rNeg     . . .     Spirit   .   (helmet restricted)
rPois    .         Reflect  .   l - amulet of magic regeneration
rElec    .         Harm     .   b - ring of resist corrosion
rCorr    +         Rampage  .   (no ring)
Will     .....                  (no ring)
Stlth    ++++......             (no ring)
HPRegen  0.17/turn              (no ring)
MPRegen  0.38/turn              (no ring)
                                (no ring)
                                (no ring)

@: paralysed, lethally poisoned (-5 -> -14), slowed
A: almost no armour, stealthy swim, amphibious, 8 rings, constrict 8, camouflage
1, gelatinous body 1
a: no special abilities


You were on level 7 of the Dungeon.
You visited 1 branch of the dungeon, and saw 7 of its levels.
You also visited: Sewer.

You collected 389 gold pieces.

Inventory:

Hand Weapons
 a - the +2 long sword of the Hidden Vale (weapon) {vorpal, rF++}
   (You found it on level 6 of the Dungeon)

   It inflicts extra damage upon your enemies.
   It greatly protects you from fire.
 c - a +0 club
   (You took it off a hobgoblin on level 1 of the Dungeon)
 r - a +2 flail of holy wrath
   (You took it off Edmund on level 6 of the Dungeon)
 w - a +2 dagger of venom
   (You took it off an orc wizard on level 5 of the Dungeon)
Missiles
 g - 5 atropa-tipped darts
 i - 21 poisoned darts
 m - 8 javelins {=f}
 s - 262 stones
Armour
 t - a +0 tower shield
   (You found it on level 4 of the Dungeon)
Magical Staves
 A - an uncursed staff of poison {unknown}
   (You found it on level 6 of the Dungeon)
Jewellery
 b - a ring of resist corrosion (left tentacle)
   (You found it on level 5 of the Dungeon)
 l - an amulet of magic regeneration (around mantle)
   (You found it on level 2 of the Dungeon)
Wands
 o - a wand of polymorph (10)
   (You found it on level 3 of the Dungeon)
 x - a wand of enslavement (25)
   (You found it on level 5 of the Dungeon)
Scrolls
 d - a scroll of enchant weapon
 f - 2 scrolls of identify
 h - 3 scrolls of blinking {!r}
 y - a scroll of remove curse
 D - 2 scrolls of teleportation
 E - 2 scrolls of fear
 F - a scroll of fog {unknown}
 G - a scroll of enchant armour {unknown}
Potions
 e - 8 potions of flight {unknown}
 j - 3 potions of curing
 k - a potion of mutation {!q}
 n - a potion of heal wounds
 p - a potion of brilliance
 q - a potion of ambrosia
 u - a potion of resistance {unknown}
 v - a potion of lignification {unknown}
 z - a potion of haste
 B - a potion of degeneration {unknown}
 C - 2 potions of might {unknown}


   Skills:
 - Level 6.0 Short Blades
 + Level 4.9 Dodging
 - Level 6.0 Stealth
 - Level 2.0 Spellcasting
 + Level 9.2 Conjurations
 * Level 2.6 Hexes


You had 6 spell levels left.
You knew the following spells:

 Your Spells              Type           Power        Failure   Level
a - Magic Dart            Conj           100%         1%          1
b - Searing Ray           Conj           84%          1%          2
c - Dazzling Flash        Conj/Hex       56%          3%          3

Your spell library contained the following spells:

 Spells                   Type           Power        Failure   Level
 Fulminant Prism          Conj/Hex       14%          12%         4
 Iskenderun's Mystic Bla  Conj/Tloc      22%          21%         4


Dungeon Overview and Level Annotations

Branches:
Dungeon (7/15)              Sewer (visited)
 Temple: D:4-7

Altars:
Okawaru
Ru
Trog
Wu Jian
Yredelemnul

Shops:
D:4 (   D:5 !   D:6 *


Innate Abilities, Weirdness & Mutations

You cannot wear most types of armour.
You are very stealthy in the water. (Stealth+)
You are amphibious.
You can wear up to eight rings at the same time.
You can use your tentacles to constrict eight enemies at once.
Your skin changes colour to match your surroundings (Stealth+).
Your rubbery body absorbs attacks. (AC +1, EV +1)


Message History

H - a slimy long sword
As you read the scroll of identify, it crumbles to dust.
H - the +2 long sword of the Hidden Vale {vorpal, rF++}
H - the +2 long sword of the Hidden Vale (weapon)
{vorpal, rF++} Drop what? 34/52 slots (_ for help) (? for menu, Esc to quit)
You drop a +0 falchion.
Adjust to which letter? (? for menu, Esc to quit)
a - the +2 long sword of the Hidden Vale (weapon)
{vorpal, rF++}
There is a large open door here.
A bullfrog is nearby!
Aim: a bullfrog (asleep, 0% to evade)
The searing ray hits the bullfrog!
The bullfrog croaks. (Press . to maintain the ray.)
You now have 10/12 mp.
You now have 9/12 mp.
The searing ray hits the bullfrog!
You kill the bullfrog!
Your Hexes skill increases to level 2!
A bullfrog comes into view.
You regained 2 mp, and now have 11/12 mp.
Aim: a bullfrog (wandering, hasn't noticed you, 23% to evade)
The searing ray hits the bullfrog.
The bullfrog gives a loud, deep croak! (Press . to maintain the ray.)
You now have 9/12 mp.
The searing ray hits the bullfrog!
You now have 8/12 mp.
The searing ray hits the bullfrog!
You finish channeling your searing ray.
The bullfrog barely misses you.
You now have 7/12 mp.
Aim: a bullfrog (almost dead, 23% to evade)
The searing ray hits the bullfrog!
You kill the bullfrog! (Press . to maintain the ray.)
You now have 6/12 mp.
You see here a bullfrog corpse.
You see here a bullfrog corpse.
You now have 370 gold pieces (gained 17).
You now have 376 gold pieces (gained 6).
You now have 389 gold pieces (gained 13).
You see here a bullfrog corpse.
There is an entrance to Ikythriha's General Store here.
Done exploring.
MP restored: 12 Done exploring.
(D) Dungeon
Where to? (Enter - D:6 @ (x,y), ? - help)
There is a stone staircase leading down here.
You climb downwards. 2 iguanas come into view.
There is a stone staircase leading up here.
Aim: an iguana (asleep, 0% to evade)
The searing ray hits the iguana! (Press . to maintain the ray.)
You now have 10/12 mp.
The searing ray hits the iguana!
You kill the iguana!
You now have 9/12 mp.
Aim: an iguana (asleep, 0% to evade)
The searing ray hits the iguana!
The iguana hisses angrily. (Press . to maintain the ray.)
You now have 8/12 mp.
The searing ray hits the iguana!
You kill the iguana!
You now have 7/12 mp.
You see here an iguana corpse.
Found a stone staircase leading down.
MP restored: 12 An orc warrior comes into view.
It is wielding a +0 flail.
A hornet comes into view.
Aim: a hornet (asleep, 0% to evade)
The searing ray hits the hornet. (Press . to maintain the ray.)
You now have 10/12 mp.
The searing ray hits the hornet!
You now have 9/12 mp.
The searing ray hits the hornet!
The hornet misses you. The hornet stings you!
You feel yourself slow down.
The orc warrior shouts!
You take 16 damage, and have 35/51 hp.
MASSIVE DAMAGE!!
The searing ray misses the hornet.
You finish channeling your searing ray.
The hornet misses you.
You riposte.
You hit the hornet. You grab the hornet. The hornet stings you!
You feel as though you will be slow longer.
You take 11 damage, and have 24/51 hp.
MASSIVE DAMAGE!!
You now have 8/12 mp.
Aim: an orc warrior, wielding a +0 flail and wearing a +0 plate armour (18% to evade)
The searing ray hits the hornet.
The searing ray hits the orc warrior. (Press . to maintain the ray.)
You constrict the hornet. The hornet stings you!
* * * LOW HITPOINT WARNING * * *
You are poisoned.
You suddenly lose the ability to move!
You lose your grip on the hornet.
A bullfrog zombie comes into view.
The hornet stings you!
You die...

## ###.# ... ..#.#
#.# #...# ..# #...##
#.. #.#..# #Z#
#.##....####..
.....#.#.........#
.. #oy@........#
#.#.....#.#...######
#.#.# #.##..##
..#.#.. #..# #...#
#..# #####.#####.##
#...........# .
#.##....##.># ..
#.##...##..##


You could see a hornet, an orc warrior and a bullfrog zombie.

Vanquished Creatures
  Maggie (D:6)
  Sigmund (D:6)
  Eustachio (D:4)
  Edmund (D:6)
  2 ice beasts (D:6)
  3 ogres
  2 phantoms
  3 bullfrogs
  2 scorpions (D:4)
  A howler monkey (D:4)
  3 hounds
  A centaur skeleton (D:4)
  3 jellies (D:2)
  Terence (D:3)
  3 iguanas
  An orc wizard (D:5)
  3 worker ants (D:4)
  2 howler monkey zombies (D:6)
  A worker ant zombie (D:6)
  4 adders
  An ufetubus (D:5)
  12 oozes
  An adder skeleton (D:4)
  8 worms
  A dart slug (D:4)
  A leopard gecko (Sewer)
  7 orcs
  4 ball pythons
  4 giant cockroaches
  7 goblins
  5 hobgoblins
  9 jackals
  2 quokkas
  12 bats
  4 frilled lizards
  10 kobolds
  10 rats
  A spectral orc (D:5)
138 creatures vanquished.

Vanquished Creatures (others)
  A wizard (D:4)
  8 fungi (D:2)
  5 toadstools (D:2)
14 creatures vanquished.

Grand Total: 152 creatures vanquished

Notes
Turn   | Place    | Note
-------+----------+-------------------------------------------
     0 | D:1      | sokol815 the Octopode Conjurer began the quest for the Orb.
     0 | D:1      | Reached XP level 1. HP: 11/11 MP: 3/3
   281 | D:1      | Reached XP level 2. HP: 17/17 MP: 3/5
   603 | D:1      | Learned a level 2 spell: Searing Ray
  1110 | D:2      | Reached XP level 3. HP: 21/21 MP: 1/6
  1219 | D:2      | Found a sacrificial altar of Ru.
  1224 | D:2      | Reached skill level 5 in Conjurations
  1615 | D:2      | Reached XP level 4. HP: 27/27 MP: 3/7
  1683 | D:2      | Reached skill level 6 in Conjurations
  1683 | D:2      | Reached XP level 5. HP: 20/31 MP: 3/8
  2374 | D:3      | Noticed Terence
  2383 | D:3      | Killed Terence
  2384 | D:3      | Reached skill level 7 in Conjurations
  2384 | D:3      | Reached XP level 6. HP: 29/36 MP: 1/9
  2747 | D:3      | Found an iron altar of Okawaru.
  3019 | D:4      | Found Lani Bimm's Antique Weapon Shop.
  3073 | D:4      | Reached skill level 8 in Conjurations
  3102 | D:4      | Reached skill level 3 in Stealth
  3144 | D:4      | Found a bloodstained altar of Trog.
  3146 | D:4      | Noticed a wizard
  3150 | D:4      | Killed a wizard
  3244 | D:4      | Reached skill level 1 in Short Blades
  3244 | D:4      | Reached XP level 7. HP: 34/41 MP: 6/10
  3407 | D:4      | Reached skill level 4 in Stealth
  3422 | D:4      | Noticed Eustachio
  3429 | D:4      | Killed Eustachio
  3430 | D:4      | Reached skill level 2 in Short Blades
  3430 | D:4      | Reached skill level 5 in Stealth
  3635 | D:5      | Entered Level 5 of the Dungeon
  3749 | D:4      | Reached skill level 3 in Short Blades
  3840 | D:5      | Found Wozxyrchiu's Distillery.
  3878 | D:5      | Reached skill level 6 in Stealth
  3878 | D:5      | Reached XP level 8. HP: 46/46 MP: 5/11
  3944 | D:5      | Reached skill level 4 in Short Blades
  4350 | D:5      | Found a basalt altar of Yredelemnul.
  4371 | D:6      | Reached skill level 5 in Short Blades
  4410 | D:6      | Noticed Edmund
  4416 | D:6      | Killed Edmund
  4442 | D:6      | Found Ikythriha's General Store.
  4522 | D:6      | Noticed Maggie
  4529 | D:6      | HP: 11/46 [Maggie/+2 glaive of flaming (12)]
  4532 | D:6      | Reached skill level 6 in Short Blades
  4534 | D:6      | HP: 3/46 [Maggie/+2 glaive of flaming (5)]
  4534 | D:6      | HP: 1/46 [Maggie/+2 glaive of flaming (2)]
  4536 | D:6      | Killed Maggie
  4537 | D:6      | Reached skill level 3 in Dodging
  4637 | D:6      | Noticed Sigmund
  4651 | D:6      | Found a glowing drain.
  4661 | Sewer    | Entered a sewer
  5272 | D:6      | Reached XP level 9. HP: 51/51 MP: 8/12
  5295 | D:6      | Killed Sigmund
  5296 | D:6      | Reached skill level 4 in Dodging
  5296 | D:6      | Reached skill level 9 in Conjurations
  5302 | D:6      | Learned a level 3 spell: Dazzling Flash
  5397 | D:6      | Reached skill level 1 in Hexes
  5419 | D:6      | Found an ornate altar of the Wu Jian Council.
  5671 | D:6      | Got a slimy long sword
  5672 | D:6      | Identified the +2 long sword of the Hidden Vale {vorpal,
                  | rF++} (You found it on level 6 of the Dungeon)
  5723 | D:6      | Reached skill level 2 in Hexes
  6027 | D:7      | Noticed a hornet
  6034 | D:7      | HP: 12/51 [hornet (12)]
  6034 | D:7      | Paralysed by a hornet for 1 turns
  6034 | D:7      | Slain by a hornet

Illustrated notes

Levels and vault maps discovered:
D:1:      dpeg_arrival_signposts, layout_rooms
D:2:      cheibrodos_fertilizer, layout_basic, nicolae_ru_awakened_eye
D:3:      layout_rooms, lemuel_coloured_pillars_altar, uniq_terence
D:4:      layout_rooms, serial_shops, shop, trog_wizard, uniq_eustachio
D:5:      layout_loops_cross, yredelemnul_forgotten_temple_becter, serial_shops,
          shop_statue
D:6:      layout_basic, nzn_wu_jian_contemplation, cheibrodos_sewer_entry_bend,
          serial_shops, shop, uniq_sigmund, uniq_edmund, uniq_maggie
D:7:      minmay_the_grid_plus [minmay_the_grid_empty,
          minmay_the_grid_diamond_grid, minmay_the_grid_broken_lines,
          minmay_the_grid_garden, minmay_the_grid_prize_four_corners],
          layout_layer_cave, general_overflow_altar, minmay_temple_entry_glass

Skill      XL: |  1  2  3  4  5  6  7  8  9 |
---------------+----------------------------+-----
Conjurations   | 5 6 7 8 9 |  9.2
Stealth        | 3 6 |  6.0
Short Blades   | 1 3 6 |  6.0
Dodging        | 3 4 |  4.9
Hexes          | 2 |  2.6
Spellcasting   | |  2.0

Action                   |  1- 3 |  4- 6 |  7- 9 || total
-------------------------+-------+-------+-------++-------
Melee: Club              |     6 |       |       ||     6
       Constrict         |     4 |       |     3 ||     7
       Short sword       |     9 |     2 |       ||    11
       Tentacles         |     2 |     1 |       ||     3
       Falchion          |       |       |     3 ||     3
 Cast: Magic Dart        |    41 |       |     1 ||    42
       Searing Ray       |     7 |    37 |    56 ||   100
  Use: Scroll            |     5 |     5 |     6 ||    16
       Potion            |       |       |     2 ||     2
 Stab: Sleeping          |       |     1 |       ||     1
Armor: Skin              |     2 |     1 |     1 ||     4
Dodge: Dodged            |    11 |     8 |    12 ||    31
       Rpst.: Falchion   |       |       |     4 ||     4
       Long sword        |       |       |     1 ||     1

Table legend: (Time is in decaauts)
 A = Elapsed time spent in this place.
 B = Non-inter-level travel time spent in this place.
 C = Inter-level travel time spent in this place.
 D = Time resting spent in this place.
 E = Time spent auto-exploring this place.
 F = Levels seen in this place.
 G = Mean time per level.
                   A        B        C        D        E       F      G
               +--------+--------+--------+--------+--------+-----+--------+
         Total |   6036 |   5719 |    317 |   1146 |   3631 |   8 |  754.5 |
       Dungeon |   5482 |   5165 |    317 |   1047 |   3276 |   7 |  783.1 |
         Sewer |    554 |    554 |      0 |     99 |    355 |   1 |  554.0 |
               +--------+--------+--------+--------+--------+-----+--------+

Top non-repeatable levels by time:
     D:2: 1363 daAuts
     D:6: 1067 daAuts
     D:4: 909 daAuts
     D:1: 902 daAuts
     D:5: 653 daAuts
   Sewer: 554 daAuts
     D:3: 537 daAuts
     D:7: 46 daAuts

Table legend:
 A = Kills in this place as a percentage of kills in entire the game.
 B = Kills by you in this place as a percentage of kills by you in the entire game.
 C = Kills by friends in this place as a percentage of kills by friends in the entire game.
 D = Other kills in this place as a percentage of other kills in the entire game.
 E = Experience gained in this place as a percentage of experience gained in the entire game.
 F = Experience gained in this place divided by the number of levels of this place that you have seen.
                   A       B       C       D       E      F
               +-------+-------+-------+-------+-------+----------------------
         Total | 100.0 | 100.0 |   N/A |   N/A | 100.0 | 404.4
       Dungeon |  81.9 |  81.9 |   N/A |   N/A |  97.7 | 451.7
         Sewer |  18.1 |  18.1 |   N/A |   N/A |   2.3 |  73.0
               +-------+-------+-------+-------+-------+----------------------
